AoeStats
← Greg The Egg

Coastal Forest

510721558Analyzed
2v2 RM · 15h ago on Oct 2, 2026· 55m 4s· 4 players
Game mode
Random Map
Map size
Medium (4 player)
Population
200
Speed
Normal
Resources
Standard
Victory
Conquest
Starting age
Dark Age
Ending age
Imperial Age
RankedLock teamsTeams togetherTeam positionsShared explorationLock speedFull tech treeHidden civsTurbo modeCheats
Victory
Defeat
🇨🇳 Cumans · China
1254
+16
🇩🇪 Persians · Germany
1213
+17
🇬🇧 Chinese · United Kingdom
1348
-20
🇳🇿 Byzantines · New Zealand
1146
-13
Lanyard
0:26 Loom
9:03 Feudal Age
9:35 Double-Bit Axe
9:59 Horse Collar
11:59 Wheelbarrow
20:39 Castle Age
19:38 Gold Mining
20:06 Scale Barding Armor
20:12 Forging
20:20 Bloodlines
21:36 Bow Saw
21:28 Heavy Plow
22:27 Husbandry
26:08 Chain Barding Armor
27:32 Iron Casting
28:54 Gold Shaft Mining
29:43 Stone Mining
32:11 Town Watch
32:41 Hand Cart
36:47 Imperial Age
37:23 Ballistics
37:08 Cavalier
38:52 Two-Man Saw
38:32 Plate Barding Armor
38:58 Blast Furnace
38:44 Fortified Wall
39:35 Chemistry
38:46 Masonry
39:19 Town Patrol
39:13 Fletching
39:24 Padded Archer Armor
41:19 Conscription
41:42 Bodkin Arrow
42:12 Bombard Tower
43:38 Bracer
43:53 Leather Archer Armor
44:11 Architecture
43:37 Murder Holes
43:40 Heavy Scorpion
44:49 Light Cavalry
50:07 Scale Mail Armor
49:41 Pikeman
50:21 Squires
50:37 Halberdier
52:02 Chain Mail Armor
53:13 Plate Mail Armor
53:16 Caravan
54:24 Ring Archer Armor
Greg The Egg
8:33 Loom
8:36 Loom
10:29 Feudal Age
11:53 Double-Bit Axe
15:02 Fletching
15:31 Gold Mining
21:59 Castle Age
20:49 Padded Archer Armor
23:03 Thumb Ring
23:54 Bow Saw
23:18 Crossbowman
26:25 Bodkin Arrow
28:23 Horse Collar
33:06 Wheelbarrow
33:10 Ballistics
32:56 Stone Mining
38:01 Imperial Age
36:39 Gold Shaft Mining
36:40 Stone Shaft Mining
38:24 Heavy Plow
38:27 Arbalester
40:29 Two-Man Saw
40:23 Conscription
41:17 Chemistry
41:45 Bracer
42:01 Leather Archer Armor
42:54 Treadmill Crane
44:19 Light Cavalry
45:00 Husbandry
45:51 Hussar
47:10 Hand Cart
51:59 Forging
51:55 Scale Barding Armor
53:52 Iron Casting
xpy
7:30 Loom
9:39 Feudal Age
10:29 Double-Bit Axe
10:55 Horse Collar
22:56 Wheelbarrow
23:35 Town Watch
23:44 Gold Mining
23:46 Stone Mining
27:15 Castle Age
26:14 Bloodlines
27:00 Scale Barding Armor
27:06 Forging
31:45 Chain Barding Armor
32:05 Steppe Husbandry
33:48 Fletching
38:34 Imperial Age
36:29 Bodkin Arrow
36:57 Padded Archer Armor
38:08 Leather Archer Armor
38:58 Ballistics
41:05 Chemistry
39:56 Light Cavalry
42:05 Ring Archer Armor
41:49 Masonry
42:03 Conscription
43:00 Plate Barding Armor
43:32 Iron Casting
43:02 Hussar
52:42 Blast Furnace
Kirara
8:19 Loom
10:05 Feudal Age
13:06 Horse Collar
16:03 Castle Age
16:47 Scale Barding Armor
17:54 Double-Bit Axe
20:15 Bloodlines
21:18 Forging
22:42 Wheelbarrow
23:53 Gold Mining
24:04 Stone Mining
26:28 Chain Barding Armor
26:48 Husbandry
29:43 Hand Cart
31:01 Iron Casting
31:34 Gold Shaft Mining
31:04 Heavy Plow
33:28 Stone Shaft Mining
33:36 Bow Saw
34:31 Squires
33:51 Pikeman
35:24 Masonry
39:12 Imperial Age
38:51 Cavalier
39:58 Conscription
40:29 Crop Rotation
40:48 Plate Barding Armor
41:16 Blast Furnace
40:55 Savar
50:29 Fletching
50:28 Town Watch
50:10 Light Cavalry
53:24 Two-Man Saw
51:52 Hussar
Connection lost

Rejoining the realm…

Still unreachable

The connection could not be restored.

Session expired

The server has moved on; the page needs a fresh start.